NCAA
IOWA STATE CYCLONES @ KANSAS STATE WILDCATS
05/19/2023
 
TOP OF THE 1ST
Iowa State Cyclones batting - Pitching for Kansas State Wildcats : LHP José Mercado
Pitching: LHP José Mercado
Batting: RHB Tom Cline 0-0: Called Strike
0-1: Ball
1-1: Foul Ball, location: 2F
1-2: Strikes out swinging
Batting: SHB Sean Taylor 0-0: Fly out, F7 (Flyball, 7M)
Batting: SHB Jon Emery 0-0: Ball
1-0: Foul Ball, location: 2F
1-1: Called Strike
1-2: Strikes out looking
Top of the 1st over - 0 run(s), 0 hit(s), 0 error(s), 0 left on base; Iowa State 0 - Kansas State 0
BOTTOM OF THE 1ST
Kansas State Wildcats batting - Pitching for Iowa State Cyclones : RHP Paul Elmore
Pitching: RHP Paul Elmore
Batting: RHB Bill Jordan 0-0: Called Strike
0-1: Ground out 6-3 (Groundball, 6)
Batting: SHB Don Pittman 0-0: Ball
1-0: Fly out, F8 (Flyball, 8RS)
Batting: LHB Tony Smith 0-0: Ball
1-0: Ground out 1-3 (Groundball, 15)
Bottom of the 1st over - 0 run(s), 0 hit(s), 0 error(s), 0 left on base; Iowa State 0 - Kansas State 0
TOP OF THE 2ND
Iowa State Cyclones batting - Pitching for Kansas State Wildcats : LHP José Mercado
Batting: RHB Dan Morrison 0-0: Foul Ball, location: 2F
0-1: Swinging Strike
0-2: Ball
1-2: Foul Ball, location: 2F
1-2: Hit by Pitch
Batting: LHB Ramiro Muńóz 0-0: Ball
1-0: Foul Ball, location: 2F
1-1: Ball
2-1: Foul Ball, location: 2F
2-2: Foul Ball, location: 2F
2-2: Ball
3-2: Base on Balls
Dan Morrison to second
Batting: LHB Sean White 0-0: Ball
1-0: Called Strike
1-1: Ball
2-1: DOUBLE (Flyball, 8LS)
Dan Morrison scores
Ramiro Muńóz to third
Batting: RHB Marvin Reynolds 0-0: Ball
1-0: Fly out, F9 (Line Drive, 9M)
Runner from 3rd tags up, SCORES, throw made
Batting: LHB Jerry Trent 0-0: Called Strike
0-1: Foul Ball, location: 2F
0-2: Ball
1-2: Ball
2-2: Fly out, F5 (Popup, 5SF)
Batting: SHB Rickey Gray 0-0: Ball
1-0: Called Strike
1-1: Called Strike
1-2: Ball
2-2: Strikes out swinging
Top of the 2nd over - 2 run(s), 1 hit(s), 0 error(s), 1 left on base; Iowa State 2 - Kansas State 0
BOTTOM OF THE 2ND
Kansas State Wildcats batting - Pitching for Iowa State Cyclones : RHP Paul Elmore
Batting: RHB David Hernández 0-0: Called Strike
0-1: Ball
1-1: SINGLE (Flyball, 89S)
Batting: LHB Kyle Harrison 0-0: Called Strike
0-1: Fly out, F7 (Flyball, 7M)
Batting: RHB John Wilson 0-0: Called Strike
0-1: Ball
1-1: Called Strike
1-2: Strikes out swinging
Batting: RHB Bobby Hinkle 0-0: Foul Ball, location: 2F
0-1: Ball
1-1: Ball
2-1: Swinging Strike
2-2: Ball
3-2: Foul Ball, location: 2F
3-2: Foul Ball, location: 2F
3-2: Fly out, F7 (Flyball, 7M)
Bottom of the 2nd over - 0 run(s), 1 hit(s), 0 error(s), 1 left on base; Iowa State 2 - Kansas State 0
TOP OF THE 3RD
Iowa State Cyclones batting - Pitching for Kansas State Wildcats : LHP José Mercado
Batting: RHB Tom Cline 0-0: Foul Ball, location: 2F
0-1: Foul Ball, location: 2F
0-2: Strikes out swinging
Batting: SHB Sean Taylor 0-0: Ball
1-0: Ball
2-0: Foul Ball, location: 2F
2-1: SOLO HOME RUN (Line Drive, 78XD), Distance : 375 ft
Batting: SHB Jon Emery 0-0: Fly out, F7 (Flyball, 7M)
Batting: RHB Dan Morrison 0-0: Called Strike
0-1: Ball
1-1: Ball
2-1: Called Strike
2-2: Strikes out looking
Top of the 3rd over - 1 run(s), 1 hit(s), 0 error(s), 0 left on base; Iowa State 3 - Kansas State 0
BOTTOM OF THE 3RD
Kansas State Wildcats batting - Pitching for Iowa State Cyclones : RHP Paul Elmore
Batting: RHB Kevin Rigsby 0-0: Called Strike
0-1: DOUBLE (Flyball, 78M)
Batting: RHB Andrew Deal 0-0: Foul Ball, location: 2F
0-1: Foul Ball, location: 2F
0-2: Ball
1-2: SINGLE (Line Drive, 56)
Kevin Rigsby to third
Batting: RHB Bill Jordan 0-0: Ball
1-0: Foul Ball, location: 2F
1-1: Ball
2-1: Fly out, F4 (Line Drive, 4M)
Batting: SHB Don Pittman 0-0: Ball
1-0: Fly out, F7 (Flyball, 7M)
Runner from 3rd tags up, SCORES, no throw
Batting: LHB Tony Smith 0-0: Ball
1-0: Ball
2-0: Fielders Choice at 2nd, U4 (Groundball, 4M)
Bottom of the 3rd over - 1 run(s), 2 hit(s), 0 error(s), 1 left on base; Iowa State 3 - Kansas State 1
TOP OF THE 4TH
Iowa State Cyclones batting - Pitching for Kansas State Wildcats : LHP José Mercado
Batting: LHB Ramiro Muńóz 0-0: Called Strike
0-1: Called Strike
0-2: Strikes out looking
Batting: LHB Sean White 0-0: Called Strike
0-1: Ball
1-1: Fly out, F6 (Popup, 7S)
Batting: RHB Marvin Reynolds 0-0: Foul Ball, location: 2F
0-1: Ball
1-1: Ball
2-1: Swinging Strike
2-2: Ball
3-2: Base on Balls
Batting: LHB Jerry Trent 0-0: Ball
1-0: Called Strike
1-1: Ball
2-1: Ball
3-1: Ground out 3-1 (Groundball, 34)
Top of the 4th over - 0 run(s), 0 hit(s), 0 error(s), 1 left on base; Iowa State 3 - Kansas State 1
BOTTOM OF THE 4TH
Kansas State Wildcats batting - Pitching for Iowa State Cyclones : RHP Paul Elmore
Batting: RHB David Hernández 0-0: Ball
1-0: Ball
2-0: Ball
3-0: Called Strike
3-1: Foul Ball, location: 2F
3-2: Strikes out looking
Batting: LHB Kyle Harrison 0-0: Ball
1-0: Swinging Strike
1-1: Fly out, F7 (Flyball, 7S)
Batting: RHB John Wilson 0-0: Foul Ball, location: 2F
0-1: SOLO HOME RUN (Line Drive, 7D), Distance : 366 ft
Batting: RHB Bobby Hinkle 0-0: Called Strike
0-1: DOUBLE (Line Drive, 8RM)
Batting: RHB Kevin Rigsby 0-0: Ground out 1-3 (Groundball, 23)
Bottom of the 4th over - 1 run(s), 2 hit(s), 0 error(s), 1 left on base; Iowa State 3 - Kansas State 2
TOP OF THE 5TH
Iowa State Cyclones batting - Pitching for Kansas State Wildcats : LHP José Mercado
Batting: SHB Rickey Gray 0-0: Ball
1-0: Ground out 5-3 (Groundball, 56S)
Batting: RHB Tom Cline 0-0: Ball
1-0: Fly out, F8 (Line Drive, 8LM)
Batting: SHB Sean Taylor 0-0: Foul Ball, location: 2F
0-1: Ball
1-1: Ball
2-1: Ground out 5-3 (Groundball, 56)
Top of the 5th over - 0 run(s), 0 hit(s), 0 error(s), 0 left on base; Iowa State 3 - Kansas State 2
BOTTOM OF THE 5TH
Kansas State Wildcats batting - Pitching for Iowa State Cyclones : RHP Paul Elmore
Batting: RHB Andrew Deal 0-0: Ball
1-0: Ball
2-0: Ball
3-0: Base on Balls
Batting: RHB Bill Jordan 0-0: Called Strike
Andrew Deal steals 2nd base
0-1: Foul Ball, location: 2F
0-2: Fly out, F8 (Popup, 4MD)
Batting: SHB Don Pittman 0-0: Ball
1-0: Ball
2-0: Ball
3-0: Called Strike
3-1: SINGLE (Line Drive, 4MD)
Andrew Deal to third
Runner from 3rd tries for Home, SAFE, throw made home
Batting: LHB Tony Smith 0-0: Ball
1-0: Foul Ball, location: 2F
1-1: Ball
2-1: Ball
3-1: Base on Balls
Don Pittman to second
Batting: RHB David Hernández 0-0: Ball
1-0: Swinging Strike
1-1: Grounds into double play, U6-3 (Groundball, 6)
Bottom of the 5th over - 1 run(s), 1 hit(s), 0 error(s), 1 left on base; Iowa State 3 - Kansas State 3
TOP OF THE 6TH
Iowa State Cyclones batting - Pitching for Kansas State Wildcats : LHP José Mercado
Batting: SHB Jon Emery 0-0: Ball
1-0: Foul Ball, location: 2F
1-1: Swinging Strike
1-2: Ball
2-2: Strikes out swinging
Pitching: LHP Roberto Estrada
Batting: RHB Dan Morrison 0-0: Swinging Strike
0-1: Reached on error, E6 (Groundball, 6M)
Batting: LHB Ramiro Muńóz 0-0: Ball
1-0: Ball
2-0: DOUBLE (Line Drive, 5D)
Dan Morrison to third
Batting: LHB Sean White 0-0: Intentional Walk
Batting: RHB Marvin Reynolds 0-0: Ball
1-0: Called Strike
1-1: Ball
2-1: Foul Ball, location: 2F
2-2: Foul Ball, location: 2F
2-2: Foul Ball, location: 2F
2-2: Fly out, F9 (Flyball, 9M)
Runner from 3rd tags up, SCORES, no throw
Batting: LHB Jerry Trent 0-0: Ball
1-0: Ball
2-0: Bunt for hit - play at first, batter safe!
Ramiro Muńóz to third
Sean White to second
Batting: SHB Rickey Gray 0-0: Swinging Strike
0-1: Fly out, F7 (Flyball, 78S)
Top of the 6th over - 1 run(s), 2 hit(s), 1 error(s), 3 left on base; Iowa State 4 - Kansas State 3
BOTTOM OF THE 6TH
Kansas State Wildcats batting - Pitching for Iowa State Cyclones : RHP Paul Elmore
Batting: LHB Kyle Harrison 0-0: Ball
1-0: Ball
2-0: Ball
3-0: Base on Balls
Batting: RHB John Wilson 0-0: Called Strike
Kyle Harrison is caught stealing 2nd base
0-1: Ball
1-1: Fly out, F7 (Flyball, 78M)
Batting: RHB Bobby Hinkle 0-0: Ground out 4-3 (Groundball, 4)
Bottom of the 6th over - 0 run(s), 0 hit(s), 0 error(s), 0 left on base; Iowa State 4 - Kansas State 3
TOP OF THE 7TH
Iowa State Cyclones batting - Pitching for Kansas State Wildcats : LHP Roberto Estrada
Batting: RHB Tom Cline 0-0: Ball
1-0: Called Strike
1-1: Called Strike
1-2: Foul Ball, location: 2F
1-2: Ground out 6-3 (Groundball, 6)
Batting: SHB Sean Taylor 0-0: Called Strike
0-1: Ball
1-1: Ball
2-1: Fly out, F8 (Flyball, 8LS)
Batting: SHB Jon Emery 0-0: SINGLE (Line Drive, 7LM)
Batting: RHB Dan Morrison 0-0: Ball
1-0: Swinging Strike
1-1: Ball
2-1: Ball
3-1: Called Strike
3-2: Fly out, F9 (Flyball, 9M)
Top of the 7th over - 0 run(s), 1 hit(s), 0 error(s), 1 left on base; Iowa State 4 - Kansas State 3
BOTTOM OF THE 7TH
Kansas State Wildcats batting - Pitching for Iowa State Cyclones : RHP Paul Elmore
Pitching: LHP Bill Cleveland
Batting: RHB Kevin Rigsby 0-0: Ground out 4-3 (Groundball, 4)
Batting: RHB Andrew Deal 0-0: Ball
1-0: Ground out 4-3 (Groundball, 4)
Batting: RHB Bill Jordan 0-0: Ball
1-0: Fly out, F7 (Line Drive, 78M)
Bottom of the 7th over - 0 run(s), 0 hit(s), 0 error(s), 0 left on base; Iowa State 4 - Kansas State 3
TOP OF THE 8TH
Iowa State Cyclones batting - Pitching for Kansas State Wildcats : LHP Roberto Estrada
Batting: LHB Ramiro Muńóz 0-0: Swinging Strike
0-1: Foul Ball, location: 2F
0-2: Foul Ball, location: 2F
0-2: Ball
1-2: Ball
2-2: Ball
3-2: Base on Balls
Pitching: RHP Beau May
Batting: LHB Sean White 0-0: Ball
1-0: Ball
2-0: Ball
3-0: Called Strike
3-1: Grounds into double play, 5-4-3 (Groundball, 5L)
Batting: RHB Marvin Reynolds 0-0: Ground out 6-3 (Groundball, 6)
Top of the 8th over - 0 run(s), 0 hit(s), 0 error(s), 0 left on base; Iowa State 4 - Kansas State 3
BOTTOM OF THE 8TH
Kansas State Wildcats batting - Pitching for Iowa State Cyclones : LHP Bill Cleveland
Pitching: LHP Nick Bryant
Batting: SHB Don Pittman 0-0: Ball
1-0: Ball
2-0: Foul Ball, location: 2F
2-1: Ball
3-1: Base on Balls
Batting: LHB Tony Smith 0-0: Ball
1-0: Called Strike
1-1: Called Strike
1-2: Foul Ball, location: 2F
1-2: SINGLE (Groundball, 6MD)
Don Pittman to second
Pitching: RHP Santiago Velásquez
Batting: RHB David Hernández 0-0: Foul Ball, location: 2F
0-1: Ball
1-1: Ball
2-1: Ball
3-1: SINGLE (Groundball, 4D)
Don Pittman to third
Tony Smith to second
Batting: LHB Kyle Harrison 0-0: Ball
1-0: Ball
2-0: Ball
3-0: Base on Balls
Don Pittman scores
Tony Smith to third
David Hernández to second
Batting: RHB John Wilson 0-0: Ball
1-0: Ball
2-0: Ball
3-0: Called Strike
3-1: Foul Ball, location: 2F
3-2: Strikes out looking
Pinch Hitting: RHB Hamilton Joyner 0-0: SINGLE (Flyball, 89S)
Tony Smith scores
David Hernández to third
Kyle Harrison to second
Runner from 3rd tries for Home, SAFE, no throw or cutoff
Pinch Hitting: LHB Juan Cuervo 0-0: Fly out, F9 (Flyball, 9M)
Batting: RHB Andrew Deal 0-0: SINGLE (Line Drive, 4MD)
Kyle Harrison to third
Hamilton Joyner to second
Batting: RHB Bill Jordan 0-0: Called Strike
0-1: Foul Ball, location: 2F
0-2: Ball
1-2: Strikes out swinging
Bottom of the 8th over - 3 run(s), 4 hit(s), 0 error(s), 3 left on base; Iowa State 4 - Kansas State 6
TOP OF THE 9TH
Iowa State Cyclones batting - Pitching for Kansas State Wildcats : RHP Beau May
Pitching: RHP Juan Chávez
Now in LF: Steve Ashe
Now in CF: Juan Cuervo
Batting: LHB Jerry Trent 0-0: Ball
1-0: Ball
2-0: Swinging Strike
2-1: Ball
3-1: Base on Balls
Pinch Hitting: LHB Ash Carney 0-0: Called Strike
0-1: Foul Ball, location: 2F
0-2: Strikes out looking
Batting: RHB Tom Cline 0-0: Called Strike
0-1: Called Strike
0-2: Strikes out looking
Batting: SHB Sean Taylor 0-0: Ball
1-0: Ball
2-0: Called Strike
2-1: SINGLE (Line Drive, 4MD)
Jerry Trent to second
Batting: SHB Jon Emery 0-0: Called Strike
0-1: Ground out 1-3 (Groundball, 15)
Top of the 9th over - 0 run(s), 1 hit(s), 0 error(s), 2 left on base; Iowa State 4 - Kansas State 6
This league is powered by Out of the Park Baseball, the baseball management simulation game for PC, Mac and Linux
Wednesday, December 2nd, 2015 - OOTP Baseball 16.8 Build 38